 Dungeon Crawl Stone Soup version 0.24.0-2-g5b39cebb1c (webtiles) character file.

Game seed: 2870418173736759405, levelgen mode: deterministic

46 DavidChitty2 the Skirmisher (level 3, -2/29 HPs)
             Began as a Demonspawn Abyssal Knight on Oct 29, 2019.
             Was a Follower of Lugonu.
             Slain by a worm (8 damage)
             ... on level 2 of the Dungeon.
             The game lasted 00:01:54 (1298 turns).

DavidChitty2 the Skirmisher (DsAK)                  Turns: 1298, Time: 00:01:55

Health: -2/29      AC:  3    Str: 13    XL:     3   Next: 46%
Magic:  5/5        EV: 11    Int: 13    God:    Lugonu [*.....]
Gold:   94         SH:  0    Dex: 12    Spells: 2/2 levels left

rFire    . . .     SeeInvis .   a - +1 falchion
rCold    . . .     Gourm    .   (no shield)
rNeg     . . .     Faith    .   b - +0 leather armour
rPois    .         Spirit   .   (no helmet)
rElec    .         Reflect  .   (no cloak)
rCorr    .         Harm     .   (no gloves)
MR       .....                  (no boots)
Stlth    +.........             (no amulet)
HPRegen  0.09/turn              (no ring)
MPRegen  0.09/turn              (no ring)

@: no status effects
A: hooves 1
a: Depart the Abyss, Renounce Religion


You were on level 2 of the Dungeon.
You worshipped Lugonu.
Lugonu was aware of your devotion.
You were not hungry.

You visited 1 branch of the dungeon, and saw 2 of its levels.
You visited the Abyss 1 time.

You collected 94 gold pieces.

Inventory:

Hand Weapons
 a - a +1 falchion (weapon)
Armour
 b - a +0 leather armour (worn)
Jewellery
 d - an uncursed amulet of the acrobat {unknown}
   (You found it on level 2 of the Abyss)
 f - an uncursed ring of see invisible {unknown}
   (You found it on level 3 of the Abyss)
Scrolls
 c - a scroll of amnesia {unknown}
 g - a scroll of enchant weapon {unknown}
 h - a scroll of blinking {unknown}
 j - a scroll of enchant armour {unknown}
 k - a scroll of teleportation {unknown}
 l - a scroll of immolation {unknown}
 n - a scroll of random uselessness {unknown}
Potions
 m - 2 potions of cancellation {unknown}
Comestibles
 e - 3 rations {!d}
 i - 5 chunks of flesh


   Skills:
 + Level 3.3 Fighting
 * Level 2.5 Long Blades
 + Level 2.1 Armour
 + Level 1.4 Dodging
 + Level 2.9 Invocations


You had 2 spell levels left.
You didn't know any spells.
Your spell library was empty.

Dungeon Overview and Level Annotations

Branches:
Dungeon (2/15)

Altars:


Innate Abilities, Weirdness & Mutations

You have large cloven feet.


Message History

You barely miss the frilled lizard. Your kick misses the frilled lizard.
You barely miss the frilled lizard. The frilled lizard bites you.
You hit the frilled lizard.
You kill the frilled lizard!
Lugonu accepts your kill.
No target in view!
A kobold comes into view.
The kobold shouts!
A kobold is nearby!
Okay, then.
A kobold is nearby!
You barely miss the kobold. The kobold hits you.
You hit the kobold.
You kill the kobold!
Lugonu accepts your kill.
No target in view!
There is an escape hatch in the floor here.
There is a stone staircase leading down here.
You see here a leopard gecko skeleton.
Done exploring.
Done exploring.
You see here a leopard gecko skeleton.
Some of the chunks of flesh in your inventory have rotted away.
There is a stone staircase leading down here.
You climb downwards.
A rat comes into view.
There is a stone staircase leading up here.
You barely miss the rat. You kick the rat.
You kill the rat!
Lugonu accepts your kill.
No target in view!
No target in view!
You butcher the rat corpse.
i - 5 chunks of flesh (gained 1)
You see here a rat skeleton. x2
Found a golden potion.
A worm comes into view.
A worm is nearby!
You hit the worm but do no damage. The worm bites you.
You barely miss the worm. You kick the worm. You barely miss the worm.
The worm bites you.
You hit the worm. The worm barely misses you.
You hit the worm but do no damage. You kick the worm. The worm bites you!
* * * LOW HITPOINT WARNING * * *
You are too injured to fight recklessly!
You hit the worm. Your kick misses the worm. You hit the worm.
You kick the worm, but do no damage. The worm bites you.
* * * LOW HITPOINT WARNING * * *
You barely miss the worm. The worm bites you!
You die...

#. ### #. ##.##
##.## ##.#.##
####...####.###.##
.....#.....##
##.###### #....#.##
##.....# ##.#.##.#
##.####.#
#.#.###.###.###
#####.#......#.!@.#
.......######.###w#
###....# ### ...
#....# ..... #.#..#
.###.# ###รท#..###
.. .. ...........
.# . #<###..#### ..
#.# #..#


You could see a worm.

Vanquished Creatures
  A gnoll (D:1)
  An ooze (D:1)
  2 leopard geckos (D:1)
  2 ball pythons (D:1)
  4 goblins (D:1)
  6 hobgoblins (D:1)
  2 bats (D:1)
  3 frilled lizards (D:1)
  6 kobolds (D:1)
  5 rats
32 creatures vanquished.

Notes
Turn   | Place    | Note
-------+----------+-------------------------------------------
     0 | Abyss:1  | DavidChitty2 the Demonspawn Abyssal Knight began the quest
                  | for the Orb.
     0 | Abyss:1  | Reached XP level 1. HP: 18/18 MP: 2/2
    26 | Abyss:1  | Found a corrupted altar of Lugonu.
    78 | Abyss:2  | Found a sacrificial altar of Ru.
   136 | Abyss:3  | Noticed a quasit
   136 | Abyss:3  | Noticed a tentacled starspawn
   136 | D:1      | Escaped the Abyss
   217 | D:1      | Reached skill level 1 in Dodging
   345 | D:1      | Gained mutation: You have large cloven feet. [demonic
                  | ancestry]
   345 | D:1      | Reached XP level 2. HP: 19/24 MP: 3/3
   437 | D:1      | Reached * piety under Lugonu
   589 | D:1      | Reached XP level 3. HP: 20/29 MP: 5/5
  1298 | D:2      | Slain by a worm

Levels and vault maps discovered:
D:1:      scummos_arrival_forest, layout_rooms, palyth_stone_intersect
D:2:      layout_loops_ring, lemuel_crystal_altar, minmay_misc_feat_pillars,
          moated_statue, uniq_terence

Skill      XL: |  1  2 |
---------------+-------+-----
Dodging        | 1 |  1.4
Long Blades    | 2 |  2.5
Armour         | 2 |  2.1
Fighting       | |  3.3
Invocations    | |  2.9

Action                   || total
-------------------------++-------
Melee: Falchion          ||    79
       Kick              ||    10
Invok: Depart the Abyss  ||     1
  Eat: Chunk             ||     1
Armor: Leather armour    ||    15
Dodge: Dodged            ||    38
       Rpst.: Falchion   ||    14
